 Dungeon Crawl Stone Soup version 0.29-a0-284-gf9362112df (webtiles) character file.

Game seed: 10992874794759443703

21 davidthevgamer991 the Covered (level 2, 0/24 HPs)
             Began as a Demonspawn Fighter on Mar 29, 2022.
             Was a Follower of Jiyva.
             Killed from afar by Sigmund (4 damage)
             ... with a magic dart
             ... on level 2 of the Dungeon.
             The game lasted 00:04:30 (1329 turns).

davidthevgamer991 the Covered (Demonspawn Fighter)  Turns: 1329, Time: 00:04:30

Health: 0/24       AC:  6    Str: 16    XL:     2   Next: 62%
Magic:  2/2        EV:  9    Int:  9    God:    Jiyva [*.....]
Gold:   12         SH:  0    Dex: 12    Spells: 1/1 levels left

rFire   . . .      SeeInvis .   a - +0 long sword
rCold   . . .      Faith    .   c - +0 buckler
rNeg    . . .      Spirit   .   b - +0 scale mail
rPois   .          Reflect  .   (no helmet)
rElec   .          Harm     .   (no cloak)
rCorr   .          Rampage  .   (no gloves)
Will    .....                   (no boots)
Stlth   ..........              (no amulet)
HPRegen 0.88/turn               (no ring)
MPRegen 0.33/turn               (no ring)

@: confused
A: demonic magic 1
a: Renounce Religion


You were on level 2 of the Dungeon.
You worshipped Jiyva.
Jiyva was aware of your devotion.
You visited 1 branch of the dungeon, and saw 2 of its levels.

You collected 12 gold pieces.

Inventory:

Hand Weapons
 a - a +0 long sword (weapon)
Armour
 b - a +0 scale mail (worn)
 c - a +0 buckler (worn)
Scrolls
 d - 2 scrolls of teleportation {unknown}
 e - a scroll of silence {unknown}
 f - a scroll of enchant weapon {unknown}
Potions
 g - a potion of flight {unknown}


   Skills:
 + Level 3.1 Fighting
 + Level 2.0 Long Blades
 + Level 3.1 Armour
 + Level 0.3 Dodging
 + Level 2.8 Shields


You had one spell level left.
You didn't know any spells.
Your spell library was empty.

Dungeon Overview and Level Annotations

Branches:
Dungeon (2/15)

Altars:
Jiyva

Shops:
D:1 ?(

Annotations:
D:2 Sigmund


Innate Abilities, Weirdness & Mutations

Spells you cast may paralyse adjacent enemies.


Message History

You hear a distant slurping noise.
There is a stone staircase leading down here.
Press: ? - help, v - describe, . - travel A stone staircase leading down.
You climb downwards.
There is a stone staircase leading up here.
Found a stone staircase leading down.
You hear a distant slurping noise.
Found 9 gold pieces.
A kobold comes into view. It is wielding a +0 short sword.
Sigmund the Dreaded comes into view.
He is wielding a +0 scythe.
Found a stone staircase leading down.
The kobold throws a stone.
The stone hits you but does no damage.
You barely miss the kobold. You block the kobold's attack.
You hit the kobold but do no damage. Sigmund gestures at you while chanting.
You are confused.
The kobold hits you but does no damage.
You slash the kobold!
You kill the kobold!
Sigmund points at you and mumbles some strange words.
You are more confused.
Sigmund hits you from afar with a +0 scythe.
You hear a distant slurping noise.
You're too confused to move!
Sigmund points at you and mumbles some strange words.
You resist with significant effort.
You hear a distant slurping noise.
You're too confused to move!
Sigmund gestures at you while chanting. The magic dart hits you!
Sigmund attacks as you move away! Sigmund hits you with a +0 scythe!
* * * LOW HITPOINT WARNING * * *
Sigmund hits you but does no damage.
You bump into the rock wall.
Sigmund hits you from afar with a +0 scythe.
* * * LOW HITPOINT WARNING * * *
Sigmund gestures at you while chanting. The magic dart hits you.
You die...

.#...#.# #
......# #.#...#.#
#.#...#.####
#..........##
#.#...#.#...##
###.#.>.)$.....#
#.#............##
#..#.##.@@......
#.#............
##...#...>.....
##.#..##........
#.............##
#.####.####...##
# ###.### ####
#<....# #.....#


You could see Sigmund.

Vanquished Creatures
  A dart slug (D:1)
  A bat (D:1)
  An endoplasm (D:1)
  A giant cockroach (D:1)
  2 goblins (D:1)
  3 jackals (D:1)
  A quokka (D:1)
  A ball python (D:1)
  5 kobolds
16 creatures vanquished.

Vanquished Creatures (others)
  A rat (D:1)
1 creature vanquished.

Grand Total: 17 creatures vanquished

Notes
Turn   | Place    | Note
-------+----------+-------------------------------------------
     0 | D:1      | davidthevgamer991 the Demonspawn Fighter began the quest
                  | for the Orb.
     0 | D:1      | Reached XP level 1. HP: 18/18 MP: 1/1
   312 | D:1      | Found Zioch's Magic Scroll Emporium.
   333 | D:1      | Gained mutation: Spells you cast may paralyse adjacent
                  | enemies. [demonic ancestry]
   333 | D:1      | Reached XP level 2. HP: 10/24 MP: 2/2
   557 | D:1      | Found a faded altar of an unknown god.
   564 | D:1      | HP: 1/24 [kobold/+0 whip (1)]
   846 | D:1      | Prayed at the altar of an unknown god.
   846 | D:1      | Became a worshipper of Jiyva Jubruemm the Shapeless
   846 | D:1      | Reached * piety under Jiyva
  1186 | D:1      | Found Neomex's Weapon Emporium.
  1316 | D:2      | Noticed Sigmund
  1329 | D:2      | Killed from afar by Sigmund

Illustrated notes

Levels and vault maps discovered:
D:1:      erik_arrival_orb_chamber, layout_loops_ring, serial_shops,
          nicolae_shop_crystal, nicolae_shop_bloodbath_and_beyond,
          nicolae_lakefront_shop, shop_scrolls, basic_ecumenical_altar
D:2:      layout_loops_cross, minmay_octomino_j4, uniq_sigmund

Skill      XL: |  1  2 |
---------------+-------+-----
Armour         | 3 |  3.1
Long Blades    | 2 |  2.0
Fighting       | |  3.1
Dodging        | |  0.3
Shields        | |  2.8

Action                   || total
-------------------------++-------
Melee: Long sword        ||    50
  Use: Potion            ||     1
Armor: Scale mail        ||    46
Dodge: Dodged            ||    28
Block: Buckler           ||    14

Table legend: (Time is in decaauts)
 A = Elapsed time spent in this place.
 B = Non-inter-level travel time spent in this place.
 C = Inter-level travel time spent in this place.
 D = Time resting spent in this place.
 E = Time spent auto-exploring this place.
 F = Levels seen in this place.
 G = Mean time per level.
                   A        B        C        D        E       F      G
               +--------+--------+--------+--------+--------+-----+--------+
         Total |   1346 |   1346 |      0 |    705 |      0 |   2 |  673.0 |
       Dungeon |   1346 |   1346 |      0 |    705 |      0 |   2 |  673.0 |
               +--------+--------+--------+--------+--------+-----+--------+

Top non-repeatable levels by time:
     D:1: 1320 daAuts
     D:2: 25 daAuts
